 Dungeon Crawl Stone Soup version 0.31-a0-692-gf03d1854d5 (webtiles) character file.

Game seed: 702894211553902668

291 qw the Shooter (level 6, -2/39 HPs)
             Began as a Gargoyle Hunter on Sept 6, 2023.
             Was an Initiate of Okawaru.
             Killed by divine providence
             ... invoked by an orc priest
              (12 damage)
             ... on level 5 of the Dungeon.
             The game lasted 00:01:02 (2703 turns).

qw the Shooter (Gargoyle Hunter)                    Turns: 2703, Time: 00:01:02

Health: -2/39      AC: 11    Str: 14    XL:     6   Next: 32%
Magic:  6/6        EV: 10    Int: 10    God:    Okawaru [......]
Gold:   272        SH:  0    Dex: 15    Spells: 5/5 levels left

rFire   . . .        Y - +3 shortbow
rCold   + . .        (shield currently unavailable)
rNeg    + . .        b - +0 ring mail
rPois   inf          (no helmet)
rElec   +            (no cloak)
rCorr   .            f - +0 pair of gloves
SInv    .            k - +0 pair of boots
Will    .....        (no amulet)
Stlth   +            h - ring of protection from cold
HPRegen 0.26/turn    (no ring)
MPRegen 0.10/turn

%: no passive effects
@: no status effects
A: sickness immunity, AC +4, negative energy resistance 1, electricity
resistance, torment resistance 1, petrification resistance
a: Renounce Religion


You were on level 5 of the Dungeon.
You worshipped Okawaru.
Okawaru was noncommittal.
You visited 2 branches of the dungeon, and saw 6 of its levels.

You collected 272 gold pieces.


Innate Abilities, Weirdness & Mutations

You are immune to sickness and miasma.
Your stone body is resilient. (AC +4)
You are immune to poison.
You resist negative energy. (rN+)
You are resistant to electric shocks. (rElec)
You are resistant to unholy torment.
You are immune to petrification.


   Skills:
 - Level 4.4 Fighting
 + Level 6.3 Ranged Weapons
 - Level 1.0 Armour
 - Level 1.5 Dodging
 - Level 1.1 Stealth


You had 5 spell levels left.
You didn't know any spells.
Your spell library was empty.

Inventory:

Hand Weapons
 Y - a +3 shortbow (weapon)
Armour
 b - a +0 ring mail (worn)
 f - a +0 pair of gloves (worn)
 k - a +0 pair of boots (worn)
Jewellery
 h - a ring of protection from cold (left hand)
Scrolls
 g - a scroll of identify
Potions
 a - a potion of enlightenment {unknown}
 c - a potion of berserk rage {unknown}
 d - a potion of cancellation
 e - a potion of lignification {unknown}
 i - a potion of curing
 j - a potion of ambrosia {unknown}

Dungeon Overview and Level Annotations

Branches:
Dungeon (5/15)             Temple (1/1) D:4

Altars:
Ashenzari
Cheibriados
Elyvilon
Fedhas
Gozag
Hepliaklqana
Kikubaaqudgha
Nemelex Xobeh
Okawaru
Qazlal
Ru
Sif Muna
Trog
Uskayaw
Vehumet
Wu Jian
Xom
Yredelemnul
Zin
The Shining One


Message History

The hound bites you.
2696 |||
Found retreat position at 2,2 (floor) with 0 blocking monsters and 3 monsters attacking at destination at distance 2
2696 ||| Stepping ~*~*~tactically~*~*~ (retreating).
Found a club.
The orc attacks as it pursues you! The orc barely misses you.
2697 |||
Found retreat position at 1,1 (floor) with 0 blocking monsters and 3 monsters attacking at destination at distance 1
2697 ||| Stepping ~*~*~tactically~*~*~ (retreating).
You shoot an arrow. The arrow closely misses the hound.
The arrow hits the orc priest.
The orc priest is lightly wounded.
The hound bites you. x2
The orc priest mumbles some strange prayers to Beogh against you.
Beogh smites you!
An iguana comes into view.
An orc comes into view. It is wielding a +0 dagger.
You shoot an arrow. The orc shouts!
The iguana hisses angrily.
The arrow hits the hound!
The hound is heavily wounded.
You hear a shout!
The hound closely misses you. The hound bites you but does no damage.
2700 |||
Found retreat position at -3,3 (floor) with 0 blocking monsters and 4 monsters attacking at destination at distance 3
Enter note:
2700 ||| Stepping ~*~*~tactically~*~*~ (retreating).
The orc priest mumbles some strange prayers to Beogh against you.
Beogh smites you!
The gnoll hits you but does no damage. x2
The hound barely misses you.
Enter note:
2701 |||
Found retreat position at -2,2 (floor) with 0 blocking monsters and 3 monsters attacking at destination at distance 2
2701 ||| Stepping ~*~*~tactically~*~*~ (retreating).
Enter note:
2702 |||
Found retreat position at -1,1 (floor) with 0 blocking monsters and 4 monsters attacking at destination at distance 1
2702 ||| Stepping ~*~*~tactically~*~*~ (retreating).
The hound bites you but does no damage.
You shoot an arrow. The arrow closely misses the hound.
The hound bites you but does no damage.
A hound comes into view.
The orc priest mumbles some strange prayers to Beogh against you.
Beogh smites you!
You die...

...........[........
......g...........#
......#.#........##
......###.#.......#
......###..gh##.h.#..
..##.....go.#........
. .......oo...###.o.
.#.....#gh##.##
#....#@g....#
#...####....).. #.#.
#...... ....### ..###
.. ...


You could see a black bear, 2 hounds, 2 orc priests, 4 gnolls and an orc.

Vanquished Creatures
  An ogre (D:4)
  2 jellies (D:4)
  4 gnolls (D:4)
  3 adders
  A worm (D:2)
  2 dart slugs
  An orc (D:3)
  7 endoplasms
  4 giant cockroaches
  7 goblins
  12 hobgoblins
  2 quokkas
  6 ball pythons
  7 bats
  A frilled lizard (D:1)
  7 kobolds
  6 rats
73 creatures vanquished.

Notes
Turn   | Place    | Note
-------+----------+-------------------------------------------
     0 | D:1      | qw the Gargoyle Hunter began the quest for the Orb.
     0 | D:1      | Reached XP level 1. HP: 12/12 MP: 1/1
     0 | D:1      | 0 ||| qw: Version: 0.3-a-76-g4403597
     0 | D:1      | 0 ||| qw: Game counter: 74
     0 | D:1      | 0 ||| qw: Melee chars always use a shield: true
     0 | D:1      | 0 ||| qw: God list: Okawaru
     0 | D:1      | 0 ||| qw: Allow faded altars: false
     0 | D:1      | 0 ||| qw: Do Orc after clearing Dungeon:15 true
     0 | D:1      | 0 ||| qw: Do second Lair branch before Depths: true
     0 | D:1      | 0 ||| qw: Lair rune preference: random
     0 | D:1      | 0 ||| qw: Goals: Normal
     0 | D:1      | 0 ||| PLANNING D:1-11
   138 | D:1      | Reached XP level 2. HP: 17/17 MP: 2/2
   471 | D:1      | 471 ||| UPGRADING to +0 pair of gloves.
   476 | D:1      | 476 ||| READING scroll labelled XOFUPI QIOCU.
   477 | D:1      | 477 ||| READING scroll labelled IBIAS OROIGGO.
   478 | D:1      | 478 ||| READING scroll labelled ONGULO ITISIHIYHU.
   479 | D:1      | 479 ||| READING scroll labelled ROL EDOZODU.
   480 | D:1      | 480 ||| READING scroll labelled ASMAMA LIAHAOX.
   481 | D:1      | 481 ||| READING scroll labelled VAFAQIMM CUGA.
   482 | D:1      | 482 ||| DROPPING scroll of butterflies.
   494 | D:2      | 494 ||| STAIRDANCE
   514 | D:2      | 514 ||| STAIRDANCE
   566 | D:2      | 566 ||| READING scroll of enchant weapon.
   566 | D:2      | 566 ||| ENCHANTING +1 shortbow.
   585 | D:2      | Reached skill level 5 in Ranged Weapons
   585 | D:2      | Reached XP level 3. HP: 21/21 MP: 3/3
   599 | D:2      | Found the +8 demon blade "Leech" {evervamp, Harm Drain rN+}
   957 | D:2      | 957 ||| UPGRADING to +0 pair of boots.
   962 | D:2      | 962 ||| UPGRADING to ring of protection from cold.
   963 | D:2      | 963 ||| READING scroll labelled ITIH YKHAE.
  1064 | D:2      | 1064 ||| READING scroll labelled NATUINE PEWK.
  1069 | D:2      | 1069 ||| DRINKING 2 sedimented silvery potions.
  1194 | D:3      | Reached skill level 3 in Fighting
  1221 | D:3      | Reached XP level 4. HP: 28/28 MP: 4/4
  1249 | D:3      | Noticed a great orb of eyes
  1251 | D:3      | Found a faded altar of an unknown god.
  1253 | D:3      | Noticed a shining eye
  1253 | D:3      | Noticed a shining eye
  1253 | D:3      | Noticed a shining eye
  1518 | D:3      | Reached skill level 1 in Armour
  1842 | D:3      | 1842 ||| UPGRADING to +0 ring mail.
  1852 | D:3      | 1852 ||| DROPPING +0 leather armour.
  1853 | D:3      | 1853 ||| READING scroll labelled YWYORAYHIDD.
  2011 | D:4      | 2011 ||| Stepping ~*~*~tactically~*~*~ (outnumbered).
  2014 | D:4      | 2014 ||| Stepping ~*~*~tactically~*~*~ (outnumbered).
  2023 | D:4      | Reached XP level 5. HP: 32/32 MP: 5/5
  2054 | D:4      | Found a staircase to the Ecumenical Temple.
  2055 | D:4      | 2055 ||| PLANNING TEMPLE
  2055 | D:4      | 2055 ||| DRINKING 2 blue potions.
  2064 | Temple   | Entered the Ecumenical Temple
  2065 | Temple   | 2065 ||| PLANNING OKAWARU WORSHIP
  2076 | Temple   | Became a worshipper of Warmaster Okawaru
  2077 | Temple   | 2077 ||| PLANNING D:1-11
  2236 | D:4      | Reached skill level 6 in Ranged Weapons
  2258 | D:4      | Noticed an ogre
  2263 | D:4      | HP: 6/32 [ogre/+0 giant club (26)]
  2264 | D:4      | HP: 1/32 [ogre/+0 giant club (6)]
  2265 | D:4      | Killed an ogre
  2266 | D:4      | Reached XP level 6. HP: 1/39 MP: 6/6
  2483 | D:4      | 2483 ||| READING scroll of enchant weapon.
  2483 | D:4      | 2483 ||| ENCHANTING +2 shortbow.
  2671 | D:4      | 2671 ||| READING scroll labelled CAESOX VIGHOOPHI.
  2685 | D:5      | Entered Level 5 of the Dungeon
  2685 | D:5      | Noticed a black bear
  2686 | D:5      | 2686 ||| RETREATING.
  2692 | D:5      | 2692 ||| Stepping ~*~*~tactically~*~*~ (retreating).
  2693 | D:5      | 2693 ||| Stepping ~*~*~tactically~*~*~ (retreating).
  2694 | D:5      | 2694 ||| Stepping ~*~*~tactically~*~*~ (retreating).
  2695 | D:5      | 2695 ||| Stepping ~*~*~tactically~*~*~ (retreating).
  2696 | D:5      | 2696 ||| Stepping ~*~*~tactically~*~*~ (retreating).
  2697 | D:5      | 2697 ||| Stepping ~*~*~tactically~*~*~ (retreating).
  2700 | D:5      | 2700 ||| Stepping ~*~*~tactically~*~*~ (retreating).
  2700 | D:5      | HP: 9/39 [orc priest/divine providence (11)]
  2701 | D:5      | 2701 ||| Stepping ~*~*~tactically~*~*~ (retreating).
  2702 | D:5      | 2702 ||| Stepping ~*~*~tactically~*~*~ (retreating).
  2703 | D:5      | Killed from afar by an orc priest

Levels and vault maps discovered:
D:1:      lemuel_arrival_river_ford, layout_rooms, minmay_misc_feat_more_columns
D:2:      layout_basic, minmay_misc_feat_secret_circle, minmay_hexomino_f4
D:3:      layout_basic, hellmonk_ecumenical_altar_watching_god
D:4:      layout_basic, minmay_temple_entry_mist, corexii_hall_statues_t
D:5:      layout_cave_pools, jmf_multi_god_temple2, serial_gnoll_camp,
          gnoll_camp_mini_hut, gnoll_camp_mini_doghouse, gnoll_camp_mini_shop,
          gnoll_camp_mini_shop, gnoll_camp_mini_hut, lexackson_kobold_supper
Temple:   nicolae_temple_bog_church

Skill      XL: |  1  2  3  4  5 |
---------------+----------------+-----
Ranged Weapons | 5 6 |  6.3
Fighting       | 3 4 |  4.4
Armour         | 1 |  1.0
Dodging        | |  1.5
Stealth        | |  1.1

Action                     |  1- 3 |  4- 6 || total
---------------------------+-------+-------++-------
   Fire: Shortbow          |   101 |   101 ||   202
    Use: Scroll            |     9 |     3 ||    12
         Potion            |     1 |     1 ||     2
 Armour: Leather armour    |    19 |     2 ||    21
         Ring mail         |       |    25 ||    25
  Dodge: Dodged            |    22 |    21 ||    43

Table legend:
 A = Non-vault XP
 B = Vault XP
 C = Vault XP percentage of total XP
 D = Non-vault monster count
 E = Vault monster count
 F = Vault count percentage of total count
                 A         B        C        D         E       F
            +---------+---------+-------+---------+---------+-------
      Total |     401 |      16 |   3.8 |      69 |       4 |   5.5
            +---------+---------+-------+---------+---------+-------
        D:1 |      28 |       0 |   0.0 |      16 |       0 |   0.0
        D:2 |      25 |      16 |  39.0 |      13 |       4 |  23.5
        D:3 |      37 |       0 |   0.0 |      20 |       0 |   0.0
        D:4 |     311 |       0 |   0.0 |      20 |       0 |   0.0
            +---------+---------+-------+---------+---------+-------
